 Dungeon Sprint DCSS version 0.21.1-1-g345015f (webtiles) character file.

1691 vatarom the Grappler (level 8, -1/92 HPs)
             Began as a Troll Monk on May 11, 2018.
             Was the Champion of Zin.
             Slain by a demonic crawler (3 damage)
             ... in the Dungeon (Sprint I: "Red Sonja").
             The game lasted 00:03:29 (570 turns).

vatarom the Grappler (Troll Monk)                    Turns: 570, Time: 00:03:30

Health: -1/92      AC:  5    Str: 23    XL:     8   Next: 72%
Magic:  3/12       EV: 15    Int:  8    God:    Zin [******]
Gold:   602        SH:  0    Dex: 15    Spells: 7/7 levels left

rFire    . . .     SeeInvis .     - Unarmed
rCold    . . .     Gourm    +   (no shield)
rNeg     . . .     Faith    .   a - +0 robe
rPois    ∞         Spirit   .   (helmet restricted)
rElec    .         Reflect  .   (no cloak)
rCorr    .         Harm     .   (gloves unavailable)
MR       .....     NoTele   +   (boots unavailable)
Stlth    ++........             (no amulet)
HPRegen  0.65/turn              (no ring)
MPRegen  0.13/turn              (no ring)

@: vitalised
A: large, unfitting armour, claws 3, fast metabolism 3, gourmand, regeneration
1, shaggy fur 1, tough skin 2
a: Recite, Vitalisation, Imprison, Sanctuary, Donate Gold, Renounce Religion


You were in the Dungeon.
You worshipped Zin.
Zin was exalted by your worship.
You were full.

You visited 1 branch You collected 729 gold pieces.
You spent 105 gold pieces at shops.
You donated 22 gold pieces to Zin.

Inventory:

Armour
 a - a +0 robe (worn)
Scrolls
 h - a scroll of blinking
Potions
 c - a potion of curing
 f - 2 potions of magic
Comestibles
 b - 3 rations


   Skills:
 + Level 9.4 Fighting
 - Level 7.9 Dodging
 - Level 1.1 Stealth
 + Level 11.2 Unarmed Combat
 * Level 7.7 Invocations


You had 7 spell levels left.
You didn't know any spells.

Dungeon Overview and Level Annotations

Branches:
Dungeon (1/1)

Altars:
Cheibriados
Dithmenos
Elyvilon
Fedhas
Gozag
Hepliaklqana
Kikubaaqudgha
Makhleb
Nemelex Xobeh
Okawaru
Qazlal
Ru
Sif Muna
Trog
Uskayaw
Vehumet
Wu Jian
Xom
Yredelemnul
Zin
The Shining One
Jiyva
Lugonu

Shops:
D %*

Annotations:
D exclusion: door


Innate Abilities, Weirdness & Mutations

You are too large for most types of armour.
You have claws for hands.
Your metabolism is lightning-fast.
You like to eat raw meat.
Your natural rate of healing is unusually fast.
You are covered in fur. (AC +1)
You have very tough skin. (AC +2)


Message History

* * * LOW HITPOINT WARNING * * *
The demonic crawler hits you.
* * * LOW HITPOINT WARNING * * *
The demonic crawler barely misses you.
The demonic crawler closely misses you. x2
The demonic crawler misses you. The demonic crawler closely misses you.
The demonic crawler barely misses you.
Unknown command.
You're not ready to recite again yet.
The demonic crawler barely misses you. The demonic crawler hits you.
* * * LOW HITPOINT WARNING * * *
The demonic crawler hits you! Zin protects you from harm!
The demonic crawler misses you.
The demonic crawler closely misses you. x2
Things that are here:
a dagger; a robe The demonic crawler hits you but does no damage. x2
The demonic crawler barely misses you. The demonic crawler hits you!
Zin protects you from harm! The demonic crawler hits you.
You die...

######################
..)..#..'..#__#s@'...#
[.#..)..#..'..)s§#...#
####'#####'#__####...§§s#
###..#...#.####§:#####§3+
__####..##.#≈§§.c# ##
_____##'#_.+§§≈§§
_.∩...÷.(._#§§§.c#
_..__##_(#'##+####
_____###+#.#


You could see 2 demonic crawlers.

Vanquished Creatures
  Sonja (D)
  2 kobold demonologists (D)
  A slime creature (D)
  Sigmund (D)
  A yak (D)
  An ogre (D)
  A jelly (D)
  Ijyb (D)
  2 ballistomycetes (D)
11 creatures vanquished.

Vanquished Creatures (others)
  A gargoyle (D)
  2 ballistomycete spores (D)
3 creatures vanquished.

Grand Total: 14 creatures vanquished

Notes
Turn   | Place    | Note
-------+----------+-------------------------------------------
     0 | D        | vatarom the Troll Monk began the quest for the Orb.
     0 | D        | Reached XP level 1. HP: 22/22 MP: 0/0
     1 | D        | Noticed Ijyb
    12 | D        | Killed Ijyb
    12 | D        | Reached skill level 4 in Unarmed Combat
    12 | D        | Reached XP level 2. HP: 31/31 MP: 1/1
    15 | D        | Noticed an ogre
    20 | D        | Killed an ogre
    20 | D        | Reached skill level 6 in Unarmed Combat
    20 | D        | Reached XP level 3. HP: 41/41 MP: 2/2
    20 | D        | Reached XP level 4. HP: 49/49 MP: 3/3
    38 | D        | Noticed Sigmund
    48 | D        | Killed Sigmund
    48 | D        | Reached skill level 7 in Unarmed Combat
    48 | D        | Reached XP level 5. HP: 27/61 MP: 4/4
    70 | D        | Found a burning altar of Makhleb.
    70 | D        | Found a shimmering altar of Xom.
    70 | D        | Noticed a slime creature
    71 | D        | Found a viscous altar of Jiyva.
    71 | D        | Found a corrupted altar of Lugonu.
    80 | D        | Killed a slime creature
    80 | D        | Reached skill level 9 in Unarmed Combat
    80 | D        | Reached XP level 6. HP: 53/71 MP: 5/5
    87 | D        | Found an ornate altar of the Wu Jian Council.
    87 | D        | Found a deep blue altar of Sif Muna.
    89 | D        | Found a radiant altar of Vehumet.
    96 | D        | Found Nietta's General Store.
    96 | D        | Found an ancient bone altar of Kikubaaqudgha.
    96 | D        | Found a hazy altar of Hepliaklqana.
    96 | D        | Found a stormy altar of Qazlal.
    96 | D        | Found a hide-covered altar of Uskayaw.
    96 | D        | Found a blossoming altar of Fedhas.
    96 | D        | Found a bloodstained altar of Trog.
    96 | D        | Found an iron altar of Okawaru.
    96 | D        | Found a basalt altar of Yredelemnul.
    96 | D        | Found a glowing golden altar of the Shining One.
    96 | D        | Found a snail-covered altar of Cheibriados.
    96 | D        | Found a sacrificial altar of Ru.
    96 | D        | Found a glowing silver altar of Zin.
    96 | D        | Found a shadowy altar of Dithmenos.
    96 | D        | Found a white marble altar of Elyvilon.
    96 | D        | Noticed a yak
   102 | D        | Killed a yak
   102 | D        | Reached XP level 7. HP: 69/80 MP: 6/6
   103 | D        | Found an opulent altar of Gozag.
   104 | D        | Found a sparkling altar of Nemelex Xobeh.
   111 | D        | Became a worshipper of Zin the Law-Giver
   111 | D        | Reached * piety under Zin
   111 | D        | Reached ** piety under Zin
   111 | D        | Reached *** piety under Zin
   111 | D        | Reached **** piety under Zin
   111 | D        | Reached ***** piety under Zin
   111 | D        | Reached ****** piety under Zin
   116 | D        | Bought a scroll of blinking for 105 gold pieces
   124 | D        | Killed a gargoyle
   131 | D        | Noticed a centaur warrior
   131 | D        | Noticed a centaur warrior
   148 | D        | Noticed Sonja
   159 | D        | Killed Sonja
   159 | D        | Reached skill level 10 in Unarmed Combat
   159 | D        | Reached skill level 5 in Invocations
   159 | D        | Reached XP level 8. HP: 86/91 MP: 6/11
   252 | D        | Noticed a deep troll
   316 | D        | Found Radoun's Food Boutique.
   369 | D        | Noticed a shining eye
   369 | D        | Noticed a shining eye
   369 | D        | Noticed a shining eye
   369 | D        | Noticed a shining eye
   369 | D        | Noticed a shining eye
   369 | D        | Noticed a shining eye
   372 | D        | Paralysed by a floating eye for 3 turns
   376 | D        | Paralysed by a floating eye for 2 turns
   536 | D        | Noticed a kobold demonologist
   537 | D        | Noticed a kobold demonologist
   538 | D        | Noticed a sixfirhy
   538 | D        | Paralysed by a floating eye for 4 turns
   543 | D        | HP: 4/91 [sixfirhy[a kobold demonologist] (13)]
   543 | D        | Zin protects you from harm!
   544 | D        | Noticed a sixfirhy
   545 | D        | Noticed a demonic crawler
   545 | D        | Noticed a demonic crawler
   545 | D        | Noticed a demonic crawler
   545 | D        | Noticed a demonic crawler
   562 | D        | Killed a kobold demonologist
   568 | D        | Killed a kobold demonologist
   568 | D        | Reached skill level 11 in Unarmed Combat
   568 | D        | HP: 2/92 [demonic crawler (4)]
   569 | D        | Zin protects you from harm!
   570 | D        | Zin protects you from harm!
   570 | D        | Slain by a demonic crawler

Skill      XL: |  1  2  3  4  5  6  7  8 |
---------------+-------------------------+-----
Fighting       | 3 4 6 7 8 9 |  9.4
Dodging        | 3 4 6 7 |  7.9
Unarmed Combat | 4 6 7 9 10 11 | 11.2
Invocations    | 5 7 |  7.7
Stealth        | |  1.1

Action                   |  1- 3 |  4- 6 |  7- 9 || total
-------------------------+-------+-------+-------++-------
Melee: Unarmed           |    13 |    18 |    32 ||    63
       Punch             |       |       |     1 ||     1
Invok: Recite            |       |       |     6 ||     6
       Vitalisation      |       |       |     3 ||     3
       Sanctuary         |       |       |     1 ||     1
  Use: Potion            |     1 |     3 |     4 ||     8
       Scroll            |       |       |     1 ||     1
 Stab: Sleeping          |       |     1 |       ||     1
       Confused          |       |       |     4 ||     4
  Eat: Chunk             |       |     5 |     3 ||     8
Armor: Robe              |     4 |       |     7 ||    11
Dodge: Dodged            |     6 |     7 |    51 ||    64
